Map: King's Cove LE

Players

TheBigOso

  • Race: Protoss Protoss
  • League: Silver
  • Spawn Location: 5:00

ZaZen - Winner!

  • Race: Terran Terran
  • League: Silver
  • Spawn Location: 11:00

VOD

Have the link to the VOD?

Description

Time

  • Played on: May 18, 2019, 12:17 p.m.
  • Length: 4:21
Show
View Real Time Build Order
Export as new Build Order

TheBigOso Protoss 

Build Orders:  

Get SALT Encoding   

  12  0:02  Probe  
  13  0:14  Probe  
  14  0:23  Pylon  
  14  0:32  Assimilator  
  14  0:35  Probe  
  15  0:47  Probe  
  16  0:59  Probe  
  17  1:06  Gateway  
  17  1:08  Probe  
  17  1:16  Probe  
  19  1:26  Probe  
  20  1:38  Probe  
  21  1:49  Nexus  
  21  1:50  Probe  
  22  2:02  Probe  
  22  2:03  Cybernetics Core  
  23  2:11  Gateway  
  23  2:20  Gateway  
  23  2:30  Gateway  
  23  2:39  Pylon x2  
  23  2:52  Pylon  
  23  3:11  Pylon  
  23  3:13  Pylon  
  23  3:14  Pylon  
  23  3:18  Pylon  
  23  3:25  Twilight Council  
  23  3:37  Probe x2  
  25  3:49  Probe  
  25  3:50  Probe  
  26  4:01  Probe  
Show
View Real Time Build Order
Export as new Build Order

ZaZen Terran - Winner!

Build Orders:  

Get SALT Encoding   

  12  0:01  SCV  
  13  0:14  SCV  
  14  0:20  Supply Depot  
  14  0:27  Refinery  
  15  0:35  SCV  
  15  0:44  Barracks  
  15  0:52  SCV  
  16  0:58  Refinery  
  16  1:04  SCV  
  17  1:16  SCV  
  18  1:31  Orbital Command  
  18  1:35  Reaper  
  18  1:39  Factory  
  19  1:54  Supply Depot  
  19  1:58  SCV  
  20  2:07  Reaper  
  21  2:18  SCV  
  22  2:25  Hellion  
  24  2:32  SCV  
  25  2:39  Reaper  
  25  2:40  Command Center  
  26  2:45  Supply Depot  
  26  2:50  Hellion  
  28  3:10  Starport  
  28  3:12  Factory Tech Lab  
  28  3:18  Barracks Reactor  
  28  3:25  SCV  
  29  3:37  SCV  
  30  3:43  Cyclone, Barracks  
  33  3:50  Starport Tech Lab  
  33  3:53  Orbital Command  
Tags
 
Add a new tag
Caveats
  • Supply blocks, unpowered buildings, or Contaminate may cause inaccurate times.
  • Supply counts are checked every 10 seconds.